MLB
NEW YORK YANKEES @ HOUSTON ASTROS
05/01/2018
 
TOP OF THE 1ST
New York Yankees batting - Pitching for Houston Astros : LHP Blake Snell
Pitching: LHP Blake Snell
Batting: RHB Manny Margot 0-0: Called Strike
0-1: Bunt for hit - play at first, batter OUT! 3-4
Batting: LHB Willie Calhoun 0-0: SINGLE (Line Drive, 9S)
Batting: RHB Ryan Braun 0-0: Called Strike
0-1: Foul Ball, location: 2F
0-2: Ball
1-2: Foul Ball, location: 2F
1-2: DOUBLE (Line Drive, 89XD)
Willie Calhoun to third
Runner from 3rd tries for Home, SAFE, throw made home
Batting: RHB Anthony Rendon 0-0: Swinging Strike
0-1: Foul Ball, location: 2F
0-2: Ball
1-2: Foul Ball, location: 2F
1-2: Ball
2-2: Foul Ball, location: 2F
2-2: Ball
3-2: Foul Ball, location: 2F
3-2: Base on Balls
Batting: RHB Buster Posey 0-0: Called Strike
0-1: Ball
1-1: SINGLE (Groundball, 4D)
Ryan Braun to third
Anthony Rendon to second
Runner from 3rd tries for Home, SAFE, no throw
Batting: LHB Logan Morrison 0-0: Called Strike
0-1: Ball
1-1: Foul Ball, location: 2F
1-2: Foul Ball, location: 2F
1-2: Strikes out swinging
Batting: RHB Devon Travis 0-0: Ball
1-0: Foul Ball, location: 2F
1-1: Called Strike
1-2: Foul Ball, location: 2F
1-2: Strikes out swinging
Top of the 1st over - 2 runs, 3 hits, 0 errors, 2 left on base; New York 2 - Houston 0
BOTTOM OF THE 1ST
Houston Astros batting - Pitching for New York Yankees : LHP Martin Perez
Pitching: LHP Martin Perez
Batting: RHB Josh Harrison 0-0: Fly out, F9 (Flyball, 9LSF)
Batting: LHB Rougned Odor 0-0: Ball
1-0: Ball
2-0: SINGLE (Groundball, 6MD)
Batting: RHB Xander Bogaerts 0-0: Ball
1-0: SINGLE (Groundball, 56D)
Rougned Odor to second
Batting: RHB Trey Mancini 0-0: Called Strike
Rougned Odor steals 3rd base
Xander Bogaerts to second
0-1: Fly out, F7 (Line Drive, 7)
Runner from 3rd tags up, SCORES, throw made
Batting: LHB Dominic Smith 0-0: Called Strike
0-1: Ball
1-1: Fly out, F8 (Flyball, 8RD)
Bottom of the 1st over - 1 run, 2 hits, 0 errors, 1 left on base; New York 2 - Houston 1
TOP OF THE 2ND
New York Yankees batting - Pitching for Houston Astros : LHP Blake Snell
Batting: RHB Kelby Tomlinson 0-0: Called Strike
0-1: Ball
1-1: Foul Ball, location: 2F
1-2: Ground out 4-3 (Groundball, 4)
Batting: LHB Billy McKinney 0-0: Ball
1-0: Ball
2-0: Foul Ball, location: 2F
2-1: Foul Ball, location: 2F
2-2: Foul Ball, location: 2F
2-2: Ground out 4-3 (Groundball, 34)
Batting: RHB Manny Margot 0-0: Ball
1-0: Called Strike
1-1: Foul Ball, location: 2F
1-2: Fly out, F4 (Popup, 4M)
Top of the 2nd over - 0 runs, 0 hits, 0 errors, 0 left on base; New York 2 - Houston 1
BOTTOM OF THE 2ND
Houston Astros batting - Pitching for New York Yankees : LHP Martin Perez
Batting: RHB Welington Castillo 0-0: Ball
1-0: Called Strike
1-1: Called Strike
1-2: Strikes out swinging
Batting: LHB Jason Heyward 0-0: Ball
1-0: Foul Ball, location: 2F
1-1: Ground out 1-3 (Groundball, P)
Batting: LHB Colin Moran 0-0: Foul Ball, location: 2F
0-1: Foul Ball, location: 2F
0-2: Foul Ball, location: 2F
0-2: Ball
1-2: Ball
2-2: Foul Ball, location: 2F
2-2: Strikes out swinging
Bottom of the 2nd over - 0 runs, 0 hits, 0 errors, 0 left on base; New York 2 - Houston 1
TOP OF THE 3RD
New York Yankees batting - Pitching for Houston Astros : LHP Blake Snell
Batting: LHB Willie Calhoun 0-0: Foul Ball, location: 2F
0-1: Called Strike
0-2: SINGLE (Flyball, 9LS)
Batting: RHB Ryan Braun 0-0: Called Strike
0-1: Ball
1-1: Called Strike
1-2: Grounds into double play, 6-4-3 (Groundball, 6)
Batting: RHB Anthony Rendon 0-0: Ball
1-0: Ball
2-0: Ball
3-0: Base on Balls
Batting: RHB Buster Posey 0-0: Ball
1-0: 2-RUN HOME RUN (Flyball, 89XD), Distance : 380 ft
Batting: LHB Logan Morrison 0-0: Called Strike
0-1: Swinging Strike
0-2: Strikes out swinging
Top of the 3rd over - 2 runs, 2 hits, 0 errors, 0 left on base; New York 4 - Houston 1
BOTTOM OF THE 3RD
Houston Astros batting - Pitching for New York Yankees : LHP Martin Perez
Batting: RHB Teoscar Hernandez 0-0: Called Strike
0-1: Ground out 4-3 (Groundball, 4)
Batting: RHB Josh Harrison 0-0: Called Strike
0-1: Ball
1-1: Swinging Strike
1-2: Foul Ball, location: 2F
1-2: Foul Ball, location: 2F
1-2: Ball
2-2: Foul Ball, location: 2F
2-2: Fly out, F6 (Popup, 6S)
Batting: LHB Rougned Odor 0-0: Bunt for hit - play at first, batter OUT! 1-3
Bottom of the 3rd over - 0 runs, 0 hits, 0 errors, 0 left on base; New York 4 - Houston 1
TOP OF THE 4TH
New York Yankees batting - Pitching for Houston Astros : LHP Blake Snell
Batting: RHB Devon Travis 0-0: Foul Ball, location: 2F
0-1: Ball
1-1: Called Strike
1-2: Ball
2-2: Foul Ball, location: 2F
2-2: Foul Ball, location: 2F
2-2: Foul Ball, location: 2F
2-2: Ball
3-2: Strikes out swinging
Batting: RHB Kelby Tomlinson 0-0: Ball
1-0: Fly out, F9 (Flyball, 89D)
Batting: LHB Billy McKinney 0-0: Foul Ball, location: 2F
0-1: Called Strike
0-2: Foul Ball, location: 2F
0-2: Strikes out swinging
Top of the 4th over - 0 runs, 0 hits, 0 errors, 0 left on base; New York 4 - Houston 1
BOTTOM OF THE 4TH
Houston Astros batting - Pitching for New York Yankees : LHP Martin Perez
Batting: RHB Xander Bogaerts 0-0: Ball
1-0: Swinging Strike
1-1: Called Strike
1-2: SINGLE (Groundball, 56D)
Batting: RHB Trey Mancini 0-0: Swinging Strike
0-1: SINGLE (Line Drive, 8LS)
Xander Bogaerts to second
Batting: LHB Dominic Smith 0-0: Ball
1-0: 3-RUN HOME RUN (Flyball, 9LD), Distance : 335 ft
Batting: RHB Welington Castillo 0-0: Foul Ball, location: 2F
0-1: Fly out, F7 (Flyball, 78S)
Batting: LHB Jason Heyward 0-0: Ball
1-0: Ball
2-0: Ball
3-0: Called Strike
3-1: Foul Ball, location: 2F
3-2: Fly out, F8 (Flyball, 8RD)
Batting: LHB Colin Moran 0-0: Called Strike
0-1: Swinging Strike
0-2: Ball
1-2: Foul Ball, location: 2F
1-2: Fly out, F9 (Flyball, 9LM)
Bottom of the 4th over - 3 runs, 3 hits, 0 errors, 0 left on base; New York 4 - Houston 4
TOP OF THE 5TH
New York Yankees batting - Pitching for Houston Astros : LHP Blake Snell
Batting: RHB Manny Margot 0-0: Ball
1-0: Foul Ball, location: 2F
1-1: Ground out U3 (Groundball, 34)
Batting: LHB Willie Calhoun 0-0: Ball
1-0: Ground out 4-3 (Groundball, 4MS)
Batting: RHB Ryan Braun 0-0: Ball
1-0: SINGLE (Groundball, 6D)
Pitching: RHP Jose Urena
Batting: RHB Anthony Rendon 0-0: Called Strike
0-1: Swinging Strike
0-2: Strikes out swinging
Top of the 5th over - 0 runs, 1 hit, 0 errors, 1 left on base; New York 4 - Houston 4
BOTTOM OF THE 5TH
Houston Astros batting - Pitching for New York Yankees : LHP Martin Perez
Batting: RHB Teoscar Hernandez 0-0: Ball
1-0: Called Strike
1-1: Ball
2-1: Ball
3-1: Base on Balls
Batting: RHB Josh Harrison 0-0: Foul Ball, location: 2F
0-1: Ball
1-1: Foul Ball, location: 2F
1-2: Ball
2-2: Foul Ball, location: 2F
2-2: Fly out, F9 (Flyball, 9S)
Batting: LHB Rougned Odor 0-0: SINGLE (Line Drive, 9S)
Teoscar Hernandez to second
Runner from 2nd tries for 3rd, SAFE, throw made to third
Now in RF: Tony Kemp
Batting: RHB Xander Bogaerts 0-0: Called Strike
0-1: Ball
1-1: Ball
2-1: Ball
3-1: Foul Ball, location: 2F
3-2: Base on Balls
Rougned Odor to second
Batting: RHB Trey Mancini 0-0: Ball
Wild Pitch!
Teoscar Hernandez scores
Rougned Odor to third
Xander Bogaerts to second
1-0: Foul Ball, location: 2F
1-1: Fly out, F8 (Flyball, 8RM)
Runner from 3rd tags up, SCORES, no throw
Pitching: RHP Kyle Zimmer
Batting: LHB Dominic Smith 0-0: Ball
1-0: Ball
2-0: Foul Ball, location: 2F
2-1: Fly out, F8 (Flyball, 89XD)
Bottom of the 5th over - 2 runs, 1 hit, 0 errors, 1 left on base; New York 4 - Houston 6
TOP OF THE 6TH
New York Yankees batting - Pitching for Houston Astros : RHP Jose Urena
Batting: RHB Buster Posey 0-0: Fly out, F8 (Line Drive, 8LD)
Batting: LHB Logan Morrison 0-0: Ball
1-0: Ball
2-0: Ball
3-0: Called Strike
3-1: SINGLE (Line Drive, 8RS)
Batting: RHB Devon Travis 0-0: Ball
Wild Pitch!
Logan Morrison to second
1-0: Ball
2-0: Ball
3-0: Called Strike
3-1: Ground out 5-3 (Groundball, 56S)
Logan Morrison to third
Batting: RHB Kelby Tomlinson 0-0: Ball
1-0: Ball
2-0: Foul Ball, location: 2F
2-1: Ground out 4-3 (Groundball, 4)
Top of the 6th over - 0 runs, 1 hit, 0 errors, 1 left on base; New York 4 - Houston 6
BOTTOM OF THE 6TH
Houston Astros batting - Pitching for New York Yankees : RHP Kyle Zimmer
Batting: RHB Welington Castillo 0-0: Ball
1-0: Ball
2-0: Called Strike
2-1: Ground out 6-3 (Groundball, 6)
Batting: LHB Jason Heyward 0-0: Called Strike
0-1: Ball
1-1: Ball
2-1: Ball
3-1: Ground out 4-3 (Groundball, 4)
Batting: LHB Colin Moran 0-0: SINGLE (Groundball, 34D)
Batting: RHB Teoscar Hernandez 0-0: Swinging Strike
0-1: Ball
1-1: Ball
2-1: Foul Ball, location: 2F
2-2: Fly out, F9 (Flyball, 9LM)
Bottom of the 6th over - 0 runs, 1 hit, 0 errors, 1 left on base; New York 4 - Houston 6
TOP OF THE 7TH
New York Yankees batting - Pitching for Houston Astros : RHP Jose Urena
Pitching: LHP Chris Rusin
Batting: LHB Tony Kemp 0-0: Called Strike
0-1: Swinging Strike
0-2: Foul Ball, location: 2F
0-2: Foul Ball, location: 2F
0-2: Reached on error, E4 (Groundball, 4)
Batting: RHB Manny Margot 0-0: Fly out, F8 (Line Drive, 8RD)
Batting: LHB Willie Calhoun 0-0: Ball
1-0: Called Strike
1-1: Called Strike
1-2: Ball
2-2: Fly out, F9 (Flyball, 9S)
Batting: RHB Ryan Braun 0-0: Ball
Tony Kemp steals 2nd base
1-0: Ball
2-0: Called Strike
2-1: Ball
3-1: Foul Ball, location: 2F
3-2: Ground out 6-3 (Groundball, 6S)
Top of the 7th over - 0 runs, 0 hits, 1 error, 1 left on base; New York 4 - Houston 6
BOTTOM OF THE 7TH
Houston Astros batting - Pitching for New York Yankees : RHP Kyle Zimmer
Batting: RHB Josh Harrison 0-0: Foul Ball, location: 2F
0-1: Ball
1-1: Ball
2-1: Swinging Strike
2-2: Ball
3-2: Base on Balls
Batting: LHB Rougned Odor 0-0: SINGLE (Groundball, 3)
Josh Harrison to second
Runner from 2nd tries for 3rd, SAFE, throw made to third
Batting: RHB Xander Bogaerts 0-0: Ball
Wild Pitch!
Josh Harrison scores
Rougned Odor to second
1-0: Called Strike
1-1: Fly out, F8 (Line Drive, 8RM)
Batting: RHB Trey Mancini 0-0: Foul Ball, location: 2F
0-1: Foul Ball, location: 2F
0-2: Ball
1-2: Ball
2-2: Strikes out looking
Batting: LHB Dominic Smith 0-0: Called Strike
0-1: Ball
1-1: DOUBLE (Line Drive, 9LM)
Rougned Odor scores
Pitching: RHP Josh Lucas
Batting: RHB Welington Castillo 0-0: Ground out 5-3 (Groundball, 56S)
Bottom of the 7th over - 2 runs, 2 hits, 0 errors, 1 left on base; New York 4 - Houston 8
TOP OF THE 8TH
New York Yankees batting - Pitching for Houston Astros : LHP Chris Rusin
Pitching: RHP Alex Colome
Batting: RHB Anthony Rendon 0-0: Called Strike
0-1: Foul Ball, location: 2F
0-2: Strikes out swinging
Batting: RHB Buster Posey 0-0: Ball
1-0: Called Strike
1-1: Foul Ball, location: 2F
1-2: Ball
2-2: Single, Error in OF, E8, batter to second base (Groundball, 4D)
Batting: LHB Logan Morrison 0-0: Called Strike
0-1: Called Strike
0-2: Ball
1-2: Ball
2-2: Ball
3-2: Base on Balls
Pitching: RHP Dovydas Neverauskas
Batting: RHB Devon Travis 0-0: Ball
1-0: SINGLE (Flyball, 78S)
Buster Posey to third
Logan Morrison to second
Batting: RHB Kelby Tomlinson 0-0: Ball
1-0: Foul Ball, location: 2F
1-1: Ball
2-1: Foul Ball, location: 2F
2-2: Foul Ball, location: 2F
2-2: Ball
3-2: Strikes out swinging
Batting: LHB Tony Kemp 0-0: Ball
1-0: Called Strike
1-1: Ball
2-1: Ball
3-1: Fly out, F7 (Line Drive, 7D)
Top of the 8th over - 0 runs, 2 hits, 1 error, 3 left on base; New York 4 - Houston 8
BOTTOM OF THE 8TH
Houston Astros batting - Pitching for New York Yankees : RHP Josh Lucas
Batting: LHB Jason Heyward 0-0: Ball
1-0: Fly out, F6 (Popup, 6MS)
Batting: LHB Colin Moran 0-0: Ground out 4-3 (Groundball, 4)
Batting: RHB Teoscar Hernandez 0-0: Called Strike
0-1: Called Strike
0-2: Strikes out swinging
Bottom of the 8th over - 0 runs, 0 hits, 0 errors, 0 left on base; New York 4 - Houston 8
TOP OF THE 9TH
New York Yankees batting - Pitching for Houston Astros : RHP Dovydas Neverauskas
Pitching: RHP Jose A. Ramirez
Batting: RHB Manny Margot 0-0: Swinging Strike
0-1: Ball
1-1: Swinging Strike
1-2: Strikes out swinging
Batting: LHB Willie Calhoun 0-0: Ball
1-0: Ball
2-0: Ball
3-0: Base on Balls
Batting: RHB Ryan Braun 0-0: Called Strike
0-1: Foul Ball, location: 2F
0-2: Ball
1-2: Ball
2-2: Ball
3-2: Strikes out swinging
Batting: RHB Anthony Rendon 0-0: Ball
1-0: Called Strike
1-1: Ball
2-1: Foul Ball, location: 2F
2-2: Ball
3-2: Strikes out looking
Top of the 9th over - 0 runs, 0 hits, 0 errors, 1 left on base; New York 4 - Houston 8
Thursday, June 21st, 2018 - OOTP Baseball 19.6 Build 53